 Dungeon Crawl Stone Soup version 0.22-a0-609-gfedc9ff (webtiles) character file.

5561 sking99 the Cleaver (level 10, -7/94 HPs)
             Began as a Minotaur Fighter on July 10, 2018.
             Was a Priest of Trog.
             Mangled by a two-headed ogre
             ... wielding a +0 giant spiked club
              (12 damage)
             ... on level 9 of the Dungeon.
             The game lasted 00:11:03 (7489 turns).

sking99 the Cleaver (Minotaur Fighter)              Turns: 7489, Time: 00:11:05

Health: -7/94      AC: 12    Str: 20    XL:     10   Next: 44%
Magic:  0/9        EV:  5    Int:  8    God:    Trog [***...]
Gold:   492        SH:  9    Dex: 14    Spells: 9/9 levels left

rFire    . . .     SeeInvis .   a - +1 war axe
rCold    . . .     Gourm    .   c - +0 shield
rNeg     . . .     Faith    .   n - +1 chain mail
rPois    .         Spirit   +   (helmet restricted)
rElec    .         Reflect  .   F - scarf {cloud immunity}
rCorr    .         Harm     .   (no gloves)
MR       ++++.                  (no boots)
Stlth    ..........             J - amulet of guardian spirit
HPRegen  1.25/turn              t - ring of the Mage {Wiz MR++ Int+3}
MPRegen  0.11/turn              (no ring)

@: berserk cooldown, regenerating, slowed, very slow
A: retaliatory headbutt, horns 2
a: Berserk, Trog's Hand, Renounce Religion


You were on level 9 of the Dungeon.
You worshipped Trog.
Trog was most pleased with you.
You were near starving.

You visited 1 branch of the dungeon, and saw 9 of its levels.

You collected 492 gold pieces.

Inventory:

Hand Weapons
 a - a +1 war axe (weapon)
Armour
 c - a +0 shield (worn)
 n - a +1 chain mail (worn)
 F - a scarf of cloud immunity (worn)
Jewellery
 j - an uncursed ring of ice
 t - the ring of the Mage (left hand) {Wiz MR++ Int+3}
   (You found it on level 4 of the Dungeon)

   [ring of wizardry]

   It improves your spell success rate.
   It affects your intelligence (+3).
   It affects your resistance to hostile enchantments.
 J - an amulet of guardian spirit (around neck)
Wands
 b - a wand of acid (6)
 d - a wand of polymorph (5)
 h - a wand of flame (43)
 i - a wand of disintegration (15)
 m - a wand of random effects (29)
 G - a wand of digging (15)
 K - a wand of iceblast (5)
Scrolls
 l - 3 scrolls of remove curse
 p - a scroll of enchant weapon
 s - a scroll of teleportation
 y - a scroll of magic mapping
Potions
 e - 3 potions of heal wounds
 g - a potion of flight
 o - 3 potions of lignification
 q - 4 potions of agility
 u - 4 potions of haste
 v - a potion of mutation
 w - a potion of invisibility
 x - a potion of might
 z - a potion of brilliance
 B - 4 potions of curing
 E - a potion of magic
 I - a potion of resistance
Comestibles
 f - 12 rations
 r - 5 chunks of flesh


   Skills:
 + Level 10.5 Fighting
 * Level 13.6 Axes
 + Level 8.3 Armour
 - Level 3.6 Shields


You had 9 spell levels left.
You didn't know any spells.
Your spell library was empty.

Dungeon Overview and Level Annotations

Branches:
Dungeon (9/15)             Temple (0/1) D:4
   Lair: D:8-11         Orc: D:9-12

Altars:
Dithmenos
Gozag
Hepliaklqana
Ru
Trog
Vehumet
Xom

Shops:
D:4 *   D:5 }   D:9 [

Annotations:
D:3 1 runed door


Innate Abilities, Weirdness & Mutations

You reflexively headbutt those who attack you in melee.
You have a pair of horns on your head.


Message History

You slash the two-headed ogre! You headbutt the two-headed ogre.
The two-headed ogre is moderately wounded.
The two-headed ogre hits you with a giant spiked club!
The two-headed ogre barely misses you.
You slash the two-headed ogre!
The two-headed ogre is heavily wounded.
The two-headed ogre closely misses you. You block the two-headed ogre's attack.
You slash the two-headed ogre!
The two-headed ogre is severely wounded.
The two-headed ogre barely misses you.
The two-headed ogre hits you with a giant club!!
* * * LOW HITPOINT WARNING * * *
Your skin crawls.
You feel resistant to hostile enchantments.
You feel somewhat more hungry.
You are near starving!
The two-headed ogre hits you with a giant spiked club!!
* * * LOW HITPOINT WARNING * * *
The two-headed ogre hits you with a giant club!
You die...

...
....###.###....###
..≈
≈≈..+.....'........
..≈...
####.##....####
≈... #.##....# ...
#.##....# #..#....#
##.#....# #.####.#
#@# .# #O#
......aOy....#
##...(.yyy...#
#...........#
#..........?#
###...........
#........)..
#.≈≈........


You could see 2 two-headed ogres, a worker ant and 4 killer bees.

Vanquished Creatures
  3 two-headed ogres
  Pikel (D:7)
  An ugly thing (D:9)
  2 hippogriffs
  Sigmund (D:3)
  Eustachio (D:5)
  Menkaure (D:7)
  Edmund (D:4)
  A water moccasin (D:7)
  A sky beast (D:5)
  A black bear (D:8)
  A centaur (D:5)
  3 slaves (D:7)
  2 ogres (D:4)
  2 big kobolds (D:7)
  3 bullfrogs
  A scorpion (D:7)
  3 killer bees (D:9)
  A howler monkey (D:7)
  A quasit (D:9)
  3 hounds
  A jelly (D:4)
  An orc priest (D:8)
  An orc wizard (D:8)
  3 iguanas
  Jessica (D:3)
  3 worker ants
  A hound zombie (D:6)
  3 hound skeletons
  2 worker ant zombies
  12 gnolls
  15 adders
  A shadow imp (D:9)
  3 adder zombies
  An adder skeleton (D:7)
  3 worms
  A dart slug (D:2)
  6 leopard geckos
  10 orcs
  2 giant cockroaches
  11 goblins
  6 hobgoblins
  11 jackals
  4 quokkas
  A ball python (D:2)
  2 bats (D:2)
  3 frilled lizards
  A giant cockroach zombie (D:4)
  8 kobolds
  A leopard gecko skeleton (D:4)
  A quokka skeleton (D:4)
  8 rats
161 creatures vanquished.

Notes
Turn   | Place    | Note
-------+----------+-------------------------------------------
     0 | D:1      | sking99 the Minotaur Fighter began the quest for the Orb.
     0 | D:1      | Reached XP level 1. HP: 19/19 MP: 0/0
   107 | D:1      | Reached skill level 3 in Axes
   141 | D:1      | Reached XP level 2. HP: 27/27 MP: 1/1
   355 | D:1      | You fall through a shaft!
   360 | D:2      | Found a bloodstained altar of Trog.
   378 | D:2      | Became a worshipper of Trog the Wrathful
   428 | D:2      | Reached XP level 3. HP: 29/33 MP: 2/2
   495 | D:2      | Reached skill level 4 in Axes
   638 | D:2      | Found a shimmering altar of Xom.
   661 | D:2      | Reached XP level 4. HP: 41/41 MP: 3/3
  1005 | D:1      | Reached skill level 5 in Axes
  1379 | D:3      | Found a runed door.
  1406 | D:3      | Noticed Jessica
  1412 | D:3      | Killed Jessica
  1477 | D:3      | Noticed Sigmund
  1495 | D:3      | Reached XP level 5. HP: 22/47 MP: 4/4
  1871 | D:3      | Reached skill level 5 in Fighting
  2077 | D:3      | Found a hazy altar of Hepliaklqana.
  2264 | D:4      | Reached skill level 6 in Axes
  2274 | D:4      | Noticed Edmund
  2287 | D:4      | Killed Edmund
  2287 | D:4      | Reached XP level 6. HP: 43/57 MP: 5/5
  2602 | D:4      | Found the ring of the Mage {Wiz MR++ Int+3}
  2607 | D:4      | Reached skill level 7 in Axes
  2607 | D:4      | Reached * piety under Trog
  2929 | D:4      | Found Kuowats's General Store.
  3091 | D:4      | Found a staircase to the Ecumenical Temple.
  3360 | D:4      | Reached XP level 7. HP: 63/63 MP: 6/6
  3504 | D:3      | Killed Sigmund
  3504 | D:3      | Reached skill level 8 in Axes
  3552 | D:5      | Entered Level 5 of the Dungeon
  3778 | D:5      | Reached skill level 9 in Axes
  3919 | D:5      | Noticed Eustachio
  3924 | D:5      | Killed Eustachio
  3924 | D:5      | Reached XP level 8. HP: 73/73 MP: 7/7
  4130 | D:5      | Found Japlayt's Gadget Boutique.
  4801 | D:6      | Found a sacrificial altar of Ru.
  4999 | D:6      | Found an opulent altar of Gozag.
  5019 | D:6      | Reached skill level 10 in Axes
  5031 | D:6      | Found a shadowy altar of Dithmenos.
  5421 | D:7      | Noticed Menkaure
  5430 | D:7      | Killed Menkaure
  5505 | D:7      | Reached skill level 5 in Armour
  5506 | D:7      | Reached ** piety under Trog
  5644 | D:7      | Noticed Pikel
  5656 | D:7      | Killed Pikel
  5656 | D:7      | Reached skill level 11 in Axes
  5656 | D:7      | Reached XP level 9. HP: 82/82 MP: 8/8
  5781 | D:7      | Found a radiant altar of Vehumet.
  6539 | D:8      | Noticed a two-headed ogre
  6550 | D:8      | Killed a two-headed ogre
  6550 | D:8      | Reached skill level 12 in Axes
  6882 | D:8      | Noticed a two-headed ogre
  6886 | D:8      | Killed a two-headed ogre
  6886 | D:8      | Reached skill level 10 in Fighting
  6886 | D:8      | Reached XP level 10. HP: 93/93 MP: 9/9
  7125 | D:8      | Reached skill level 13 in Axes
  7250 | D:9      | Reached *** piety under Trog
  7378 | D:9      | Found Yfotadd's Antique Armour Boutique.
  7452 | D:9      | Noticed a purple ugly thing
  7454 | D:9      | Noticed a two-headed ogre
  7461 | D:9      | Noticed a two-headed ogre
  7474 | D:9      | Killed a purple ugly thing
  7476 | D:9      | Noticed a two-headed ogre
  7480 | D:9      | Killed a two-headed ogre
  7489 | D:9      | Mangled by a two-headed ogre

Vault maps used:
D:1:      nicolae_arrival_washed_ashore
D:2:      overflow_temple_1_default, xom_teletrap_fun
D:3:      lemuel_doored_altar, uniq_sigmund, uniq_crazy_yiuf_cottage,
          uniq_jessica
D:4:      minmay_opposing_rooms, temple_statues, serial_shops,
          kennysheep_mini_moat, uniq_edmund
D:5:      first_ration, serial_shops, shop_fountains, uniq_eustachio
D:6:      hangedman_ru_absence, lemuel_round_altar, marbit_many_paths
D:7:      kennysheep_little_box, nzn_random_ring, uniq_menkaure, uniq_pikel
D:9:      serial_shops, shop, nicolae_shop_waterfront, nicolae_shop_statue_plus

Skill      XL: |  1  2  3  4  5  6  7  8  9 10 |
---------------+-------------------------------+-----
Axes           | 3 4 5 6 7 9 11 12 13 | 13.6
Fighting       | 4 5 6 7 8 10 | 10.5
Armour         | 5 7 8 |  8.3
Shields        | |  3.6

Action                   |  1- 3 |  4- 6 |  7- 9 | 10-12 || total
-------------------------+-------+-------+-------+-------++-------
Melee: War axe           |    70 |   110 |   218 |    60 ||   458
       Headbutt          |     5 |    18 |    43 |     9 ||    75
Invok: Berserk           |       |     1 |     7 |     1 ||     9
       Trog's Hand       |       |       |       |     2 ||     2
  Use: Potion            |       |     2 |       |     1 ||     3
       Scroll            |       |       |    18 |     4 ||    22
  Eat: Chunk             |       |     7 |    15 |     3 ||    25
       Ration            |       |       |     1 |       ||     1
Armor: Scale mail        |    27 |       |       |       ||    27
       Chain mail        |    11 |    38 |   100 |    35 ||   184
Dodge: Dodged            |    22 |    22 |    46 |    14 ||   104
Block: Shield            |    28 |    55 |    84 |    30 ||   197

Table legend:
 A = Spawn XP
 B = Non-spawn XP
 C = Spawn XP percentage of total XP
 D = Spawn monster count
 E = Non-spawn monster count
 F = Spawn count percentage of total count
 G = Total turns spent on level
                    A         B        C        D         E        F      G
               +---------+---------+-------+---------+---------+-------+---------
         Total |       0 |    7945 |   0.0 |       0 |     158 |   0.0 |  7489
               +---------+---------+-------+---------+---------+-------+---------
           D:1 |       0 |      26 |   0.0 |       0 |      16 |   0.0 |   670
           D:2 |       0 |     118 |   0.0 |       0 |      28 |   0.0 |   926
           D:3 |       0 |     334 |   0.0 |       0 |      13 |   0.0 |   704
           D:4 |       0 |     528 |   0.0 |       0 |      14 |   0.0 |  1252
           D:5 |       0 |     668 |   0.0 |       0 |      20 |   0.0 |  1137
           D:6 |       0 |     203 |   0.0 |       0 |      11 |   0.0 |   638
           D:7 |       0 |    2024 |   0.0 |       0 |      31 |   0.0 |  1167
           D:8 |       0 |    2081 |   0.0 |       0 |      15 |   0.0 |   749
           D:9 |       0 |    1963 |   0.0 |       0 |      10 |   0.0 |   246
               +---------+---------+-------+---------+---------+-------+---------
